 Dungeon Crawl Stone Soup version 0.27-a0-899-ge2d0b17c59 (webtiles) character file.

Game seed: 796323247426954579

34 jestyr24 the Magician (level 3, -2/25 HPs)
             Began as a Djinni Fire Elementalist on Apr 5, 2021.
             Slain by an orc
             ... wielding a +0 short sword
              (6 damage)
             ... on level 2 of the Dungeon.
             The game lasted 00:06:55 (1290 turns).

jestyr24 the Magician (Djinni Fire Elementalist)    Turns: 1290, Time: 00:06:55

Health: -2/25      AC:  2    Str:  7    XL:     3   Next: 31%
Gold:   38         EV: 12    Int: 17    God:
                   SH:  0    Dex: 13

rFire    + + .     SeeInvis .   i - +0 dagger
rCold    x . .     Faith    .   (no shield)
rNeg     . . .     Spirit   .   a - +0 robe
rPois    ∞         Reflect  .   (no helmet)
rElec    .         Harm     .   (no cloak)
rCorr    .         Rampage  .   (no gloves)
Will     .....                  (boots unavailable)
Stlth    ++........             (no amulet)
HPRegen  0.08/turn              (no ring)
MPRegen  0.00/turn              (no ring)

@: flying, very slightly contaminated
A: fire resistance 2, cold vulnerability 1, float, innate caster, hp casting,
extra vitality 1
a: no special abilities


You were on level 2 of the Dungeon.
You visited 1 branch of the dungeon, and saw 2 of its levels.

You collected 38 gold pieces.

Inventory:

Hand Weapons
 i - a +0 dagger (weapon)
 k - a +1 dagger of speed
Armour
 a - a +0 robe (worn)
Scrolls
 c - a scroll of fog {unknown}
 d - 2 scrolls of magic mapping {unknown}
 f - a scroll of immolation {unknown}
 g - a scroll of summoning {unknown}
Potions
 b - a potion of heal wounds {unknown}
 e - 2 potions of curing {unknown}
 h - 2 potions of magic {unknown}
 j - 2 potions of attraction {unknown}


   Skills:
 + Level 2.3 Dodging
 + Level 2.0 Stealth
 + Level 3.4 Spellcasting


You couldn't memorise any spells.
You knew the following spells:

 Your Spells              Type           Power      Damage    Failure   Level
a - Foxfire               Conj/Fire      56%        2x1d6     4%          1
b - Conjure Flame         Conj/Fire      14%        6-21      12%         3
c - Inner Flame           Hex/Fire       14%        N/A       12%         3
d - Sticky Flame          Conj/Fire      14%        2d4       38%         4
e - Fireball              Conj/Fire      7%         3d5       75%         5
f - Apportation           Tloc           28%        N/A       4%          1
Your spell library was empty.

Dungeon Overview and Level Annotations

Branches:
Dungeon (2/15)

Altars:


Innate Abilities, Weirdness & Mutations

You are immune to poison.
Your flesh is very heat resistant. (rF++)
You are vulnerable to cold. (rC-)
You float through the air rather than walking.
You learn spells naturally, not from books.
Your magical power is your life essence.
You have superior vitality. (+4 HP)


Message History

Confirm with . or Enter, or press ? or * to list all spells.
You conjure some foxfire!
The orc hits you but does no damage. The orc closely misses you.
You barely miss the orc.
The orc is severely wounded.
The foxfire hits the orc but does no damage.
The orc is severely wounded.
The foxfire hits the orc.
The orc is moderately wounded.
Casting: Foxfire (safe; 4% risk of failure)
Confirm with . or Enter, or press ? or * to list all spells.
You conjure some foxfire!
The foxfire hits the orc.
You kill the orc!
You hit the orc but do no damage.
The orc is moderately wounded.
The foxfire hits the orc.
The orc is moderately wounded.
The orc completely misses you.
Casting: Foxfire (safe; 4% risk of failure)
Confirm with . or Enter, or press ? or * to list all spells.
You miscast Foxfire.
You are very lightly contaminated with residual magic.
Nothing appears to happen.
The orc barely misses you.
The orc priest hits you with a +0 short sword.
You hit the orc priest but do no damage.
The orc hits you with a +0 short sword.
The orc priest hits you with a +0 short sword.
The orc hits you with a +0 short sword.
* * * LOW HITPOINT WARNING * * *
Casting: Foxfire (safe; 4% risk of failure)
Confirm with . or Enter, or press ? or * to list all spells.
You conjure some foxfire!
* * * LOW HITPOINT WARNING * * *
The orc barely misses you.
You hit the orc but do no damage.
The orc is moderately wounded.
The foxfire hits the orc.
The orc is severely wounded.
The orc hits you with a +0 short sword.
You die...

###...##.##..........#.....##.##
#...##.##..#..#..#.#.....##.##
#...##.##..........#.....##.##
####...##........##...#.###.##...
...........#.###.####........####
.............# #.......o.....#
...........### #.##.#.[......# #
####...##### #.##)##.......# #
.......# #@oo.)........# #
.###...# ####.########## #
.###...# #.# # .##....# #.# #
.##.##.# #.# # .....#.# #.# #
.......# #.############# ..#..###
#.......#...... ........
#######>..#####


You could see an orc priest and an orc.

Vanquished Creatures
  A dart slug (D:2)
  2 orcs (D:2)
  6 bats
  3 endoplasms (D:1)
  A giant cockroach (D:2)
  4 goblins
  A hobgoblin (D:1)
  A quokka (D:1)
  2 ball pythons
  2 frilled lizards (D:1)
  A kobold (D:2)
  3 rats
27 creatures vanquished.

Vanquished Creatures (others)
  67 foxfires
  5 toadstools (D:1)
72 creatures vanquished.

Grand Total: 99 creatures vanquished

Notes
Turn   | Place    | Note
-------+----------+-------------------------------------------
     0 | D:1      | jestyr24 the Djinni Fire Elementalist began the quest for
                  | the Orb.
     0 | D:1      | Reached XP level 1. HP: 15/15 MP: 0/0
   247 | D:1      | Reached skill level 3 in Spellcasting
   280 | D:1      | Reached XP level 2. HP: 16/21 MP: 0/0
  1036 | D:2      | Reached XP level 3. HP: 23/25 MP: 0/0
  1036 | D:2      | Learned a level 1 spell: Apportation
  1290 | D:2      | Slain by an orc

Illustrated notes

Levels and vault maps discovered:
D:1:      ldierk_walled_garden, layout_basic
D:2:      layout_loops_cross, minmay_crystal_room

Skill      XL: |  1  2  3 |
---------------+----------+-----
Spellcasting   | 3 |  3.4
Stealth        | 2 |  2.0
Dodging        | |  2.3

Action                   || total
-------------------------++-------
Melee: Unarmed           ||     2
       Dagger            ||    25
 Cast: Foxfire           ||    40
Armor: Robe              ||    16
Dodge: Dodged            ||    36

Table legend: (Time is in decaauts)
 A = Elapsed time spent in this place.
 B = Non-inter-level travel time spent in this place.
 C = Inter-level travel time spent in this place.
 D = Time resting spent in this place.
 E = Time spent auto-exploring this place.
 F = Levels seen in this place.
 G = Mean time per level.
                   A        B        C        D        E       F      G
               +--------+--------+--------+--------+--------+-----+--------+
         Total |   1289 |   1289 |      0 |    202 |    853 |   2 |  644.5 |
       Dungeon |   1289 |   1289 |      0 |    202 |    853 |   2 |  644.5 |
               +--------+--------+--------+--------+--------+-----+--------+

Top non-repeatable levels by time:
     D:1: 828 daAuts
     D:2: 461 daAuts
